 Dungeon Crawl Stone Soup version 0.28.0-45-g0d030f2227 (webtiles) character file.

Game seed: 1898091560476067266

3135 Ablot the Magician (level 9, -4/71 HPs)
             Began as a Gnoll Warper on Apr 8, 2022.
             Was a Follower of Elyvilon.
             Slain by Maggie
             ... wielding a +0 halberd of flaming
              (8 damage)
             ... on level 7 of the Dungeon.
             The game lasted 00:14:14 (7727 turns).

Ablot the Magician (Gnoll Warper)                   Turns: 7727, Time: 00:14:15

Health: -4/71      AC:  3    Str: 14    XL:     9   Next: 92%
Magic:  19/19      EV: 18    Int: 13    God:    Elyvilon [*.....]
Gold:   162        SH:  0    Dex: 12    Spells: 19/21 levels left

rFire   . . .      SeeInvis .   a - +0 trident
rCold   . . .      Faith    .   (no shield)
rNeg    . . .      Spirit   .   b - +0 leather armour
rPois   .          Reflect  .   (no helmet)
rElec   .          Harm     .   y - scarf {repulsion}
rCorr   .          Rampage  .   (no gloves)
Will    .....                   (no boots)
Stlth   ++........              B - amulet of regeneration
HPRegen 1.01/turn               K - +4 ring of evasion
MPRegen 0.16/turn               (no ring)

@: mesmerised, repel missiles
A: fangs 1, strong nose, distributed training
a: Renounce Religion, Purification


You were on level 7 of the Dungeon.
You worshipped Elyvilon.
Elyvilon was aware of your devotion.
You visited 2 branches of the dungeon, and saw 8 of its levels.

You collected 276 gold pieces.
You spent 114 gold pieces at shops.

Inventory:

Hand Weapons
 a - a +0 trident (weapon)
 t - a +0 war axe of flaming
 I - a +0 dagger of venom
Missiles
 d - 5 boomerangs of dispersal (quivered)
 f - 172 stones
 n - 56 arrows
 o - 24 bolts
 x - 43 sling bullets
Armour
 b - a +0 leather armour (worn)
 v - an orb of mayhem
 y - a scarf of repulsion (worn)
Jewellery
 h - an amulet of reflection
 B - an amulet of regeneration (around neck)
 E - the ring "Jumoech" {*Corrode Fly rN+ EV+4}
   (You found it on level 5 of the Dungeon)

   [ring of evasion]

   EV:        It affects your evasion (+4).
   rN:        It protects you from negative energy.
   Fly:       It grants you flight.
   *Corrode:  It may corrode you when you take damage.
 K - a +4 ring of evasion (left hand)
Wands
 H - a wand of mindburst (3)
Scrolls
 c - a scroll of blinking
 e - a scroll of fear {unknown}
 k - a scroll of vulnerability {unknown}
 l - a scroll of summoning {unknown}
 p - 2 scrolls of magic mapping {unknown}
 q - 3 scrolls of teleportation {unknown}
 u - 2 scrolls of immolation {unknown}
 A - a scroll of brand weapon {unknown}
 D - a scroll of fog {unknown}
 J - a scroll of enchant armour {unknown}
Potions
 g - 2 potions of mutation
 i - a potion of lignification
 j - a potion of magic
 m - a potion of might
 r - a potion of flight
 w - 3 potions of attraction
 z - 2 potions of brilliance
 F - a potion of heal wounds


   Skills:
 + Level 6.6 Fighting
 + Level 4.7 Short Blades
 + Level 4.7 Long Blades
 + Level 4.7 Axes
 + Level 4.7 Maces & Flails
 + Level 6.6 Polearms
 + Level 4.7 Staves
 + Level 4.7 Slings
 + Level 4.7 Bows
 + Level 4.7 Crossbows
 + Level 5.4 Throwing
 + Level 5.4 Armour
 + Level 6.6 Dodging
 + Level 4.7 Stealth
 + Level 4.7 Shields
 + Level 4.7 Unarmed Combat
 + Level 6.9 Spellcasting
 + Level 3.9 Conjurations
 + Level 3.9 Hexes
 + Level 3.9 Summonings
 + Level 3.9 Necromancy
 + Level 6.8 Translocations
 + Level 3.9 Transmutations
 + Level 3.9 Fire Magic
 + Level 3.9 Ice Magic
 + Level 3.9 Air Magic
 + Level 3.9 Earth Magic
 + Level 3.9 Poison Magic
 + Level 5.2 Invocations
 + Level 4.7 Evocations


You had 19 spell levels left.
You knew the following spells:

 Your Spells              Type           Power      Damage    Failure   Level
a - Blink                 Tloc           44%        N/A       1%          2

Your spell library contained the following spells:

 Spells                   Type           Power      Damage    Failure   Level
 Gell's Gravitas          Tloc           22%        N/A       3%          3
 Lesser Beckoning         Tloc           22%        N/A       3%          3
 Teleport Other           Tloc           22%        N/A       3%          3
 Static Discharge         Conj/Air       14%        N/A       6%          2
 Conjure Flame            Conj/Fire      14%        6-21      12%         3
 Ignite Poison            Fire/Tmut/Pois 14%        N/A       12%         3
 Manifold Assault         Tloc           22%        N/A       32%         5
 Dispel Undead            Necr           14%        3d10      36%         4
 Sticky Flame             Conj/Fire      14%        2d4       36%         4
 Storm Form               Tmut/Air       7%         N/A       100%        7


Dungeon Overview and Level Annotations

Branches:
Dungeon (7/15)             Temple (1/1) D:6

Altars:
Ashenzari
Cheibriados
Dithmenos
Elyvilon
Fedhas
Gozag
Hepliaklqana
Kikubaaqudgha
Makhleb
Nemelex Xobeh
Ru
Sif Muna
Trog
Vehumet
Wu Jian
Xom
Zin
The Shining One

Shops:
D:2 *   D:6 (

Annotations:
D:7 Maggie


Innate Abilities, Weirdness & Mutations

You have very sharp teeth.
Your uncanny sense of smell can sniff out nearby items.
Your experience applies equally to all skills.


Message History

You puncture the centaur zombie! You bite the centaur zombie.
The centaur zombie is moderately damaged.
The orc priest invokes the aid of Beogh against you.
Beogh smites you!
The centaur zombie hits you but does no damage.
The centaur zombie misses you. Maggie completely misses you.
You hit the centaur zombie.
The centaur zombie is moderately damaged.
The centaur zombie hits you. The centaur zombie closely misses you.
An orc priest breaks down the door.
Maggie hits you but does no damage.
You completely miss the centaur zombie.
The centaur zombie is moderately damaged.
The centaur zombie hits you but does no damage.
The centaur zombie kicks you. The centaur zombie hits you.
The centaur zombie kicks you.
Maggie hits you from afar with a +0 halberd of flaming!
* * * LOW HITPOINT WARNING * * *
Maggie burns you.
* * * LOW HITPOINT WARNING * * *
You feel much better. The centaur zombie misses you.
The centaur zombie completely misses you.
Maggie closely misses you.
Unknown command.
You hit the centaur zombie.
The centaur zombie is heavily damaged.
The centaur zombie barely misses you.
The centaur zombie kicks you but does no damage.
Maggie smiles, but it's obviously fake.
Maggie hits you from afar with a +0 halberd of flaming!
Maggie burns you.
Reach: a) +0 trident
Press: ? - help, Dir - move target, f/p - Maggie
Aim: Maggie, wielding a +0 halberd of flaming, wearing +0 swamp dragon scales and carrying a wand of charming (1) (almost dead, mesmerising, about 34% to evade your +0 trident)
You reach to attack!
You closely miss Maggie.
Maggie is almost dead.
The centaur zombie barely misses you. The centaur zombie closely misses you.
Maggie hits you from afar with a +0 halberd of flaming!!
* * * LOW HITPOINT WARNING * * *
Maggie burns you!
You die...

.....# .. . .....##.# .....$@.
............ ....... ...........
...... .. ......... .....##
..##....... .....8# # ..........
.##..###+#+#'#Z#+#+#.........#
..#.(.'.....(n@n@..#.........####
.....###'#+#+#o#+#+#............#
.....8# # .............
.##..#################..##.......
.#.........#<.......##.##^.......
..........#....##..###..........#
.........###......####...........
.........##)[...#.###............
##.#...###.).....###........:....


You could see Maggie (mesmerising), 2 necrophages, an orc priest and a centaur
zombie.

Vanquished Creatures
  A boulder beetle (D:6)
  A kobold demonologist (D:6)
  Prince Ribbit (D:6)
  Duvessa (D:7)
  An orc warrior (D:6)
  A sky beast (D:3)
  An ice beast (D:7)
  6 ogres
  A phantom (D:6)
  2 scorpions
  Dowan (D:7)
  2 howler monkeys
  2 jellies
  A bullfrog skeleton (D:6)
  4 hounds
  2 orc priests
  2 centaur skeletons
  4 iguanas
  9 orc wizards
  3 gnolls
  9 adders
  A shadow imp (D:6)
  An ufetubus (D:6)
  5 worms
  24 orcs
  4 endoplasms
  3 giant cockroaches
  7 goblins
  3 hobgoblins
  2 jackals (D:4)
  4 quokkas
  2 ball pythons
  3 bats
  4 frilled lizards
  A jackal skeleton (D:4)
  A kobold (D:3)
  A quokka skeleton (D:3)
  6 rats
127 creatures vanquished.

Notes
Turn   | Place    | Note
-------+----------+-------------------------------------------
     0 | D:1      | Ablot the Gnoll Warper began the quest for the Orb.
     0 | D:1      | Reached XP level 1. HP: 20/20 MP: 6/6
   510 | D:1      | Reached XP level 2. HP: 21/26 MP: 7/7
   513 | D:1      | Learned a level 2 spell: Blink
  1176 | D:2      | Reached XP level 3. HP: 24/31 MP: 9/9
  1180 | D:2      | Reached skill level 5 in Spellcasting
  1297 | D:2      | Found Nyqaat's Assorted Antiques.
  1423 | D:2      | Found an ornate altar of the Wu Jian Council.
  1633 | D:2      | Bought a bubbling inky potion for 18 gold pieces
  1662 | D:2      | Reached skill level 1 in Invocations
  2161 | D:3      | Reached skill level 1 in Short Blades
  2161 | D:3      | Reached skill level 1 in Long Blades
  2161 | D:3      | Reached skill level 1 in Axes
  2161 | D:3      | Reached skill level 1 in Maces & Flails
  2161 | D:3      | Reached skill level 1 in Staves
  2161 | D:3      | Reached skill level 1 in Slings
  2161 | D:3      | Reached skill level 1 in Bows
  2161 | D:3      | Reached skill level 1 in Crossbows
  2161 | D:3      | Reached skill level 1 in Stealth
  2161 | D:3      | Reached skill level 1 in Shields
  2161 | D:3      | Reached skill level 1 in Unarmed Combat
  2161 | D:3      | Reached skill level 1 in Evocations
  2332 | D:3      | Reached XP level 4. HP: 38/38 MP: 11/11
  2338 | D:3      | Reached skill level 1 in Conjurations
  2338 | D:3      | Reached skill level 1 in Hexes
  2338 | D:3      | Reached skill level 1 in Summonings
  2338 | D:3      | Reached skill level 1 in Necromancy
  2338 | D:3      | Reached skill level 1 in Transmutations
  2338 | D:3      | Reached skill level 1 in Fire Magic
  2338 | D:3      | Reached skill level 1 in Ice Magic
  2338 | D:3      | Reached skill level 1 in Air Magic
  2338 | D:3      | Reached skill level 1 in Earth Magic
  2338 | D:3      | Reached skill level 1 in Poison Magic
  2554 | D:3      | Reached XP level 5. HP: 43/43 MP: 12/12
  3116 | D:3      | Noticed a sky beast
  3140 | D:3      | Killed a sky beast
  3141 | D:3      | Reached XP level 6. HP: 17/50 MP: 14/14
  3630 | D:4      | Reached skill level 5 in Fighting
  3630 | D:4      | Reached skill level 5 in Polearms
  3630 | D:4      | Reached skill level 5 in Dodging
  3733 | D:4      | HP: 2/51 [something/magic dart (7)]
  3746 | D:4      | HP: 3/76 [orc wizard/magic dart (3)]
  3750 | D:4      | HP: 1/114 [orc wizard/magic dart (4)]
  3756 | D:4      | Reached XP level 7. HP: 2/56 MP: 15/15
  4256 | D:4      | Found a snail-covered altar of Cheibriados.
  4910 | D:5      | Entered Level 5 of the Dungeon
  5247 | D:4      | Reached XP level 8. HP: 21/63 MP: 16/16
  5633 | D:5      | Identified the ring "Jumoech" {*Corrode Fly rN+ EV+4}
  5714 | D:5      | Found a glowing silver altar of Zin.
  5718 | D:5      | Found a broken altar of Ashenzari.
  5718 | D:5      | Found a sacrificial altar of Ru.
  5719 | D:5      | Found an ancient bone altar of Kikubaaqudgha.
  5932 | D:6      | Found a staircase to the Ecumenical Temple.
  5955 | Temple   | Entered the Ecumenical Temple
  6167 | Temple   | Became a worshipper of Elyvilon the Healer
  6238 | D:6      | Found a shimmering altar of Xom.
  6332 | D:6      | Found an opulent altar of Gozag.
  6537 | D:6      | Noticed a kobold demonologist
  6537 | D:6      | Noticed a boulder beetle
  6562 | D:6      | Killed a boulder beetle
  6563 | D:6      | Reached XP level 9. HP: 25/69 MP: 18/18
  6583 | D:6      | Killed a kobold demonologist
  6584 | D:6      | Reached skill level 5 in Throwing
  6584 | D:6      | Reached skill level 5 in Armour
  6747 | D:6      | Found Sovopre's Weapon Emporium.
  6976 | D:2      | Bought a golden potion for 18 gold pieces
  6976 | D:2      | Bought a scroll labelled MUJIEC OR OBB for 20 gold pieces
  6976 | D:2      | Bought a scroll labelled MUJIEC OR OBB for 20 gold pieces
  6976 | D:2      | Bought a scroll labelled MUJIEC OR OBB for 20 gold pieces
  6976 | D:2      | Bought a lumpy inky potion for 18 gold pieces
  7126 | D:7      | Noticed Prince Ribbit
  7145 | D:7      | Noticed Duvessa
  7253 | D:7      | Noticed Dowan
  7475 | D:6      | Killed Prince Ribbit
  7476 | D:6      | Reached skill level 5 in Invocations
  7563 | D:7      | Reached * piety under Elyvilon
  7622 | D:7      | Killed Duvessa
  7623 | D:7      | Killed Dowan
  7690 | D:7      | Noticed Maggie
  7727 | D:7      | Slain by Maggie

Illustrated notes

Levels and vault maps discovered:
D:1:      minmay_arrival_four_circles, layout_basic
D:2:      layout_rooms, basic_altar, serial_shops, nicolae_shop_waterfront
D:3:      layout_loops_ring
D:4:      nicolae_BIG_FREAKIN_CUBE, layout_rooms, cheibrodos_worm_habitat
D:5:      layout_loops_ring, minitemple
D:6:      kennysheep_big_flooded_room, layout_rooms,
          nicolae_gozag_cash_rules_everything_around_me,
          mainiacjoe_overflow_surrounded_room,
          minmay_temple_entry_statues_pillars, serial_shops, shop
D:7:      layout_cave_pools, lemuel_mausoleum_altar_yredelemnul, enter_bailey_3,
          david_defended_altar_orc, uniq_maggie, uniq_prince_ribbit1,
          uniq_crazy_yiuf_cottage, uniq_duvessa
Temple:   minmay_temple_curvy_loop

Skill      XL: |  1  2  3  4  5  6  7  8  9 |
---------------+----------------------------+-----
Spellcasting   | 5 6 |  6.9
Invocations    | 1 2 3 4 5 |  5.2
Short Blades   | 1 2 4 |  4.7
Long Blades    | 1 2 4 |  4.7
Axes           | 1 2 4 |  4.7
Maces & Flails | 1 2 4 |  4.7
Staves         | 1 2 4 |  4.7
Slings         | 1 2 4 |  4.7
Bows           | 1 2 4 |  4.7
Crossbows      | 1 2 4 |  4.7
Stealth        | 1 2 4 |  4.7
Shields        | 1 2 4 |  4.7
Unarmed Combat | 1 2 4 |  4.7
Evocations     | 1 2 4 |  4.7
Conjurations   | 1 2 3 |  3.9
Hexes          | 1 2 3 |  3.9
Summonings     | 1 2 3 |  3.9
Necromancy     | 1 2 3 |  3.9
Transmutations | 1 2 3 |  3.9
Fire Magic     | 1 2 3 |  3.9
Ice Magic      | 1 2 3 |  3.9
Air Magic      | 1 2 3 |  3.9
Earth Magic    | 1 2 3 |  3.9
Poison Magic   | 1 2 3 |  3.9
Throwing       | 3 4 5 |  5.4
Armour         | 3 4 5 |  5.4
Fighting       | 5 6 |  6.6
Polearms       | 5 6 |  6.6
Dodging        | 5 6 |  6.6
Translocations | 6 |  6.8

Action                   |  1- 3 |  4- 6 |  7- 9 || total
-------------------------+-------+-------+-------++-------
Melee: Spear             |    54 |       |       ||    54
       Bite              |     5 |    13 |    27 ||    45
       Trident           |    91 |   143 |   332 ||   566
       Punch             |     1 |       |     8 ||     9
Throw: Stone             |       |     1 |       ||     1
       Javelin           |       |       |    37 ||    37
 Cast: Blink             |       |       |     1 ||     1
Evoke: Wand              |       |       |    18 ||    18
  Use: Potion            |       |     4 |     4 ||     8
       Scroll            |       |       |     7 ||     7
 Stab: Sleeping          |     2 |     2 |     3 ||     7
Armor: Leather armour    |    20 |    17 |    43 ||    80
       Skin              |       |    19 |    13 ||    32
Dodge: Dodged            |    50 |    38 |   225 ||   313
       Repelled          |       |       |     1 ||     1
Block: Other             |    24 |    17 |     5 ||    46
